AoeStats
← TheQuietRiot

Arabian Desert

509984078Analyzed
1v1 RM · 3d ago on Sep 28, 2026· 63m 39s· 2 players
Game mode
Random Map
Map size
Tiny (2 player)
Population
200
Speed
Normal
Resources
Standard
Victory
Conquest
Starting age
Dark Age
Ending age
Imperial Age
RankedLock teamsTeams togetherTeam positionsShared explorationLock speedFull tech treeHidden civsTurbo modeCheats
Victory
Defeat
🇨🇴 Japanese · Colombia
984
+15
🇬🇧 Saxons · United Kingdom
956
-15
TheQuietRiot
10:33 Feudal Age
8:49 Loom
11:01 Double-Bit Axe
21:14 Fletching
21:26 Padded Archer Armor
25:13 Castle Age
23:26 Horse Collar
25:34 Crossbowman
27:15 Bow Saw
28:32 Wheelbarrow
28:31 Bodkin Arrow
28:52 Leather Archer Armor
29:53 Squires
29:39 Gambesons
32:16 Gold Mining
33:37 Forging
35:03 Pikeman
35:33 Clerical Recruitment
39:13 Herbal Medicine
42:08 Imperial Age
40:20 Iron Casting
39:46 Scale Mail Armor
42:11 Capped Ram
43:43 Conscription
42:43 Elite Hearth Troop
46:39 Two-Man Saw
45:41 Heavy Plow
47:25 Chain Mail Armor
46:34 Halberdier
51:01 Siege Ram
61:08 Elite Skirmisher
Tengo_Mareo
3:24 Loom
10:58 Feudal Age
11:03 Man-at-Arms
15:04 Padded Archer Armor
15:35 Double-Bit Axe
18:20 Fletching
18:31 Padded Archer Armor
20:45 Wheelbarrow
19:56 Town Watch
23:58 Castle Age
22:52 Gold Mining
22:47 Horse Collar
24:32 Crossbowman
25:18 Bodkin Arrow
25:39 Leather Archer Armor
25:44 Bow Saw
27:53 Bloodlines
27:45 Husbandry
31:33 Stone Mining
35:22 Forging
41:56 Imperial Age
41:30 Iron Casting
41:01 Scale Barding Armor
41:01 Heavy Plow
40:56 Elite Skirmisher
41:43 Thumb Ring
42:37 Light Cavalry
42:37 Cavalier
44:17 Ballistics
44:57 Chemistry
47:11 Conscription
47:05 Masonry
46:35 Treadmill Crane
53:42 Arbalester
54:45 Chain Barding Armor
56:59 Bracer
63:23 Blast Furnace
Connection lost

Rejoining the realm…

Still unreachable

The connection could not be restored.

Session expired

The server has moved on; the page needs a fresh start.